 Dungeon Crawl Stone Soup version 0.30.2 (webtiles) character file.

Game seed: 4124043454969686239

261 porpoise the Cudgeller (level 6, -10/38 HPs)
             Began as a Gargoyle Gladiator on Apr 19, 2024.
             Was an Initiate of the Shining One.
             Mangled by a two-headed ogre
             ... wielding a +0 giant spiked club
              (18 damage)
             ... on level 4 of the Dungeon.
             The game lasted 00:09:27 (2739 turns).

porpoise the Cudgeller (Gargoyle Gladiator)         Turns: 2739, Time: 00:09:28

Health: -10/38     AC: 12    Str: 19    XL:     6   Next: 18%
Magic:  6/6        EV: 11    Int:  9    God:    the Shining One [......]
Gold:   132        SH:  0    Dex: 11    Spells: 5/5 levels left

rFire   . . .        a - +0 flail
rCold   . . .        (no shield)
rNeg    + . .        g - +0 ring mail
rPois   ∞            c - +0 helmet
rElec   +            n - +0 cloak
rCorr   .            j - +0 pair of gloves
SInv    .            (no boots)
Will    .....        (no amulet) Stlth
                     (no ring)
HPRegen 0.26/turn    (no ring)
MPRegen 0.10/turn

%: no passive effects
@: glowing
A: sickness immunity, AC +4, negative energy resistance 1, electricity
resistance, torment resistance 1, petrification resistance
a: Renounce Religion


You were on level 4 of the Dungeon.
You worshipped the Shining One.
The Shining One was noncommittal.
You visited 1 branch of the dungeon, and saw 4 of its levels.

You collected 132 gold pieces.

Inventory:

Hand Weapons
 a - a +0 flail (weapon)
 b - a +0 sling
Armour
 c - a +0 helmet (worn)
 g - a +0 ring mail (worn)
 j - a +0 pair of gloves (worn)
 n - a +0 cloak (worn)
Scrolls
 f - a scroll of magic mapping {unknown}
 l - a scroll of fog {unknown}
 o - a scroll of enchant weapon {unknown}
 q - a scroll of teleportation {unknown}
 r - a scroll of torment {unknown}
 s - a scroll of immolation {unknown}
 t - a scroll of poison {unknown}
 u - a scroll of amnesia {unknown}
Potions
 h - 2 potions of curing
 i - 3 potions of flight
 k - 2 potions of mutation {unknown}
 m - 2 potions of berserk rage {unknown}
 p - a potion of lignification {unknown}
 v - a potion of degeneration {unknown}
 w - a potion of might {unknown}


   Skills:
 + Level 4.2 Fighting
 * Level 5.8 Maces & Flails
 - Level 1.7 Throwing
 - Level 2.4 Dodging


You had 5 spell levels left.
You didn't know any spells.
Your spell library was empty.

Dungeon Overview and Level Annotations

Branches:
Dungeon (4/15)
 Temple: D:4-7

Altars:
Nemelex Xobeh
Qazlal
Ru
Sif Muna
Xom
The Shining One


Innate Abilities, Weirdness & Mutations

You are immune to sickness and miasma.
Your stone body is resilient. (AC +4)
You are immune to poison.
You resist negative energy. (rN+)
You are resistant to electric shocks. (rElec)
You are resistant to unholy torment.
You are immune to petrification.


Message History

The endoplasm freezes you.
You are frozen.
You hit the endoplasm.
You kill the endoplasm!
v - a black potion You see here a murky coppery potion.
A two-headed ogre is nearby!
w - a murky coppery potion Throw: javelin
Press: ? - help, Q - select action, (/) - cycle Shift-Dir - straight line, f - two-headed ogre
Aim: a two-headed ogre, wielding a +0 giant spiked club and a +0 giant club (73% to hit)
You throw a javelin.
The javelin pierces through the two-headed ogre.
The two-headed ogre is lightly wounded.
Throw: throwing net
Press: ? - help, Q - select action Shift-Dir - straight line, f/p - two-headed ogre
Aim: a two-headed ogre, wielding a +0 giant spiked club and a +0 giant club (lightly wounded, 73% to hit)
You throw a throwing net.
The throwing net completely misses the two-headed ogre.
You sock the two-headed ogre!
The two-headed ogre is moderately wounded.
The two-headed ogre closely misses you. x2
You barely miss the two-headed ogre.
The two-headed ogre is moderately wounded.
The two-headed ogre barely misses you.
The two-headed ogre hits you with a +0 giant club!
You barely miss the two-headed ogre.
You punch the two-headed ogre, but do no damage.
The two-headed ogre is moderately wounded.
You barely miss the two-headed ogre.
The two-headed ogre is moderately wounded.
The two-headed ogre barely misses you.
The two-headed ogre hits you with a +0 giant club!!
The Shining One protects you from harm!
You barely miss the two-headed ogre.
The two-headed ogre is moderately wounded.
The two-headed ogre hits you with a +0 giant spiked club!
* * * LOW HITPOINT WARNING * * *
The two-headed ogre hits you with a +0 giant club!!
You die...

..##.......####.............
..##.).....#................
#.........................
#.........................
#.........................
##.......####.............
#........................
#######........................
#.............@................
#.......##.....O.............##
#.......##............
..#.......###........!..
..:.(.......#...........
............#...........
........................
..#######..............( ..
##.........


You could see a two-headed ogre.

Vanquished Creatures
  An ice beast (D:3)
  A hound (D:4)
  A jelly (D:4)
  3 adders
  An ufetubus (D:4)
  A dart slug (D:4)
  4 orcs
  3 ball pythons
  5 endoplasms
  5 giant cockroaches
  5 goblins
  5 hobgoblins
  4 jackals (D:2)
  7 kobolds
  2 quokkas (D:1)
  4 bats
  5 frilled lizards
  5 rats
62 creatures vanquished.

Notes
Turn   | Place    | Note
-------+----------+-------------------------------------------
     0 | D:1      | porpoise the Gargoyle Gladiator began the quest for the
                  | Orb.
     0 | D:1      | Reached XP level 1. HP: 12/12 MP: 1/1
   100 | D:1      | Found a faded altar of an unknown god.
   148 | D:1      | Reached XP level 2. HP: 17/18 MP: 2/2
   529 | D:2      | Reached XP level 3. HP: 22/22 MP: 3/3
   578 | D:2      | Reached skill level 4 in Maces & Flails
  1466 | D:3      | Reached XP level 4. HP: 28/28 MP: 4/4
  1552 | D:3      | Found a sacrificial altar of Ru.
  1629 | D:3      | Found a shimmering blue altar of Sif Muna.
  1630 | D:3      | Found a glowing golden altar of the Shining One.
  1632 | D:3      | Found a stormy altar of Qazlal.
  1634 | D:3      | Found a shimmering altar of Xom.
  1635 | D:3      | Found a sparkling altar of Nemelex Xobeh.
  1696 | D:3      | Became a worshipper of the Shining One
  1914 | D:3      | Noticed an ice beast
  1932 | D:3      | Killed an ice beast
  1933 | D:3      | Reached skill level 5 in Maces & Flails
  1933 | D:3      | Reached XP level 5. HP: 33/33 MP: 5/5
  2456 | D:4      | Reached XP level 6. HP: 11/38 MP: 6/6
  2457 | D:4      | Noticed a two-headed ogre
  2738 | D:4      | The Shining One protects you from harm!
  2739 | D:4      | Mangled by a two-headed ogre

Illustrated notes

Levels and vault maps discovered:
D:1:      ncdulo_halloftheorcs, layout_rooms,
          dilly_ecumenical_altar_fadedgnrine, amethyst_killhole
D:2:      layout_basic
D:3:      layout_loops_corners, grunt_temple_overflow_open,
          nicolae_ru_sacrificial_ziggurat
D:4:      layout_basic, serial_glass, glass_columns_b, glass_columns_b,
          minmay_strange_pillars

Skill      XL: |  1  2  3  4  5 |
---------------+----------------+-----
Maces & Flails | 4 5 |  5.8
Fighting       | 3 4 |  4.2
Throwing       | |  1.7
Dodging        | |  2.4

Action                     |  1- 3 |  4- 6 || total
---------------------------+-------+-------++-------
  Melee: Flail             |   111 |   107 ||   218
         Punch             |     1 |     1 ||     2
  Throw: Throwing net      |       |     4 ||     4
         Javelin           |       |     1 ||     1
    Use: Scroll            |       |     3 ||     3
 Armour: Ring mail         |    51 |    58 ||   109
         Leather armour    |     2 |       ||     2
  Dodge: Dodged            |    76 |    63 ||   139
